AoeStats
← aroz

Arena

509942163Analyzed
2v2 RM · 5d ago on Sep 28, 2026· 39m 58s· 4 players
Game mode
Random Map
Map size
Medium (4 player)
Population
200
Speed
Normal
Resources
Standard
Victory
Conquest
Starting age
Dark Age
Ending age
Imperial Age
RankedLock teamsTeams togetherTeam positionsShared explorationLock speedFull tech treeHidden civsTurbo modeCheats
Victory
Defeat
🇪🇸 Burmese · Spain
1391
+18
🇪🇸 Danes · Spain
1389
+18
🇮🇳 Vikings · India
1432
-18
🇮🇳 Malians · India
1430
-18
aroz
8:06 Loom
11:25 Feudal Age
15:12 Castle Age
16:01 Horse Collar
16:41 Heavy Plow
21:32 Gold Mining
22:59 Wheelbarrow
22:16 Town Watch
23:17 Stone Mining
24:59 Hand Cart
29:33 Imperial Age
27:49 Gold Shaft Mining
28:29 Scale Mail Armor
28:40 Forging
29:42 Squires
29:30 Gambesons
29:06 Man-at-Arms
29:07 Pikeman
30:26 Chain Mail Armor
30:47 Iron Casting
29:49 Long Swordsman
31:06 Conscription
30:24 Halberdier
30:30 Two-Handed Swordsman
31:53 Plate Mail Armor
31:38 Champion
34:09 Blast Furnace
36:50 Arson
froz
11:15 Feudal Age
11:55 Horse Collar
14:46 Castle Age
12:33 Double-Bit Axe
16:23 Bow Saw
16:54 Heavy Plow
22:20 Wheelbarrow
21:31 Town Watch
21:32 Loom
22:12 Gold Mining
22:44 Stone Mining
24:01 Gold Shaft Mining
27:32 Imperial Age
25:46 Hand Cart
26:16 Scale Mail Armor
26:27 Forging
26:53 Squires
26:38 Arson
26:40 Gambesons
27:29 Chain Mail Armor
27:56 Stone Shaft Mining
27:33 Elite Varangian Guard
29:39 Chemistry
29:43 Plate Mail Armor
30:45 Iron Casting
29:50 Hamask
33:12 Blast Furnace
33:18 Capped Ram
34:49 Siege Ram
Seetha
11:11 Feudal Age
14:45 Castle Age
12:57 Double-Bit Axe
13:27 Horse Collar
15:45 Bow Saw
18:27 Heavy Plow
22:27 Loom
23:05 Town Watch
26:39 Imperial Age
25:35 Scale Mail Armor
25:45 Forging
25:37 Squires
25:25 Arson
27:00 Chain Mail Armor
27:48 Conscription
29:15 Plate Mail Armor
29:36 Stone Mining
29:37 Gold Mining
32:13 Iron Casting
33:32 Ballistics
34:13 Chemistry
34:54 Blast Furnace
34:56 Fletching
37:53 Bodkin Arrow
39:15 Elite Berserk
Invincius
10:25 Feudal Age
14:39 Castle Age
12:49 Double-Bit Axe
15:38 Bow Saw
15:24 Horse Collar
17:40 Loom
19:24 Town Watch
21:39 Wheelbarrow
21:45 Heavy Plow
21:56 Gold Mining
28:16 Imperial Age
26:18 Stone Mining
26:59 Forging
27:32 Scale Barding Armor
28:18 Hand Cart
28:23 Bloodlines
28:13 Husbandry
28:45 Heavy Camel Rider
29:46 Chain Barding Armor
30:01 Iron Casting
31:29 Plate Barding Armor
31:10 Fletching
32:21 Conscription
33:21 Hoardings
32:46 Elite Gbeto
33:28 Scale Mail Armor
33:30 Squires
34:48 Gold Shaft Mining
34:36 Chain Mail Armor
35:47 Man-at-Arms
36:13 Arson
37:39 Plate Mail Armor
36:31 Long Swordsman
37:17 Bodkin Arrow
37:06 Two-Handed Swordsman
37:48 Champion
Connection lost

Rejoining the realm…

Still unreachable

The connection could not be restored.

Session expired

The server has moved on; the page needs a fresh start.